AoeStats
← IvoryRooster

Lombardia

509508367Analyzed
3v3 RM · 7d ago on Sep 27, 2026· 68m 33s· 6 players
Game mode
Random Map
Map size
Normal (6 player)
Population
200
Speed
Normal
Resources
Standard
Victory
Conquest
Starting age
Dark Age
Ending age
Imperial Age
RankedLock teamsTeams togetherTeam positionsShared explorationLock speedFull tech treeHidden civsTurbo modeCheats
Victory
Defeat
🇧🇷 Portuguese · Brazil
964
+9
🇻🇪 Gurjaras · Venezuela
939
+10
🇦🇷 Vikings · Argentina
889
+12
🇺🇸 Huns · United States
858
-12
🇺🇸 Inca · United States
834
-12
🇺🇸 Armenians · United States
702
-7
avianspyder
12:52 Feudal Age
15:04 Horse Collar
15:13 Double-Bit Axe
15:37 Stone Mining
15:38 Gold Mining
18:14 Scale Mail Armor
18:11 Fletching
18:33 Forging
22:20 Castle Age
20:26 Padded Archer Armor
21:54 Wheelbarrow
22:45 Scale Barding Armor
24:21 Bloodlines
24:12 Husbandry
25:55 Gold Shaft Mining
25:23 Heavy Plow
25:45 Bow Saw
26:50 Bodkin Arrow
28:13 Leather Archer Armor
28:41 Chain Barding Armor
29:08 Crossbowman
31:03 Hand Cart
31:45 Iron Casting
37:21 Imperial Age
35:21 Ballistics
34:47 Pikeman
36:51 Thumb Ring
36:10 Elite Skirmisher
37:18 Town Watch
39:07 Chemistry
38:11 Bracer
38:45 Parthian Tactics
40:20 Two-Man Saw
40:01 Plate Barding Armor
39:58 Cavalier
42:23 Blast Furnace
41:48 Paladin
44:26 Town Patrol
44:05 Heavy Cavalry Archer
49:28 Caravan
IvoryRooster
15:27 Feudal Age
17:10 Champi Runner
17:34 Horse Collar
17:43 Double-Bit Axe
17:50 Gold Mining
17:59 Stone Mining
20:04 Arson
21:06 Forging
20:56 Scale Mail Armor
23:42 Castle Age
21:43 Fletching
21:54 Padded Archer Armor
25:32 Iron Casting
25:12 Chain Mail Armor
25:07 Heavy Plow
25:18 Bow Saw
25:31 Squires
24:53 Champi Warrior
26:41 Gold Shaft Mining
28:28 Andean Sling
34:49 Imperial Age
33:08 Bodkin Arrow
33:32 Leather Archer Armor
34:27 Stone Shaft Mining
33:19 Pikeman
34:53 Crossbowman
35:50 Elite Kamayuk
36:42 Thumb Ring
37:23 Wheelbarrow
36:34 Loom
38:40 Blast Furnace
37:38 Arbalester
39:25 Hand Cart
39:18 Caravan
40:02 Plate Mail Armor
41:18 Chemistry
42:35 Elite Skirmisher
43:48 Ballistics
43:41 Fortified Wall
43:27 Murder Holes
43:15 Treadmill Crane
44:12 Redemption
44:27 Conscription
44:37 Masonry
45:23 Elite Champi Warrior
45:25 Halberdier
50:09 Fabric Shields
52:36 Onager
52:40 Heavy Scorpion
55:58 Bracer
56:29 Ring Archer Armor
Viridios
7:07 Loom
12:51 Feudal Age
14:14 Horse Collar
14:25 Double-Bit Axe
14:35 Gold Mining
18:45 Wheelbarrow
19:52 Town Watch
22:13 Fletching
22:27 Scale Mail Armor
22:39 Forging
23:25 Fletching
28:15 Castle Age
26:23 Man-at-Arms
28:11 Long Swordsman
28:46 Gambesons
29:10 Squires
28:56 Arson
29:57 Hand Cart
30:29 Bow Saw
30:10 Stone Mining
31:03 Iron Casting
30:44 Chain Mail Armor
30:25 Bodkin Arrow
30:32 Padded Archer Armor
29:59 Two-Handed Swordsman
31:41 Heavy Plow
32:19 Caravan
33:50 Gold Shaft Mining
33:33 Town Patrol
35:14 Champion
40:12 Leather Archer Armor
42:30 Imperial Age
43:48 Ballistics
42:54 Elite Composite Bowman
44:45 Chemistry
45:02 Fereters
45:33 Conscription
46:30 Masonry
46:19 Murder Holes
46:05 Treadmill Crane
46:37 Fortified Wall
47:00 Pikeman
47:48 Halberdier
49:15 Bracer
53:16 Blast Furnace
52:47 Plate Mail Armor
53:51 Ring Archer Armor
61:12 Crossbowman
63:35 Arbalester
Abyssus
3:51 Loom
10:59 Feudal Age
11:29 Horse Collar
11:37 Double-Bit Axe
19:31 Castle Age
19:23 Bloodlines
19:06 Gold Mining
19:08 Stone Mining
20:41 Scale Barding Armor
20:47 Forging
21:54 Town Watch
23:46 Wheelbarrow
25:01 Heavy Plow
25:15 Treadmill Crane
27:20 Stone Shaft Mining
29:24 Gold Shaft Mining
29:31 Fortified Wall
29:58 Bow Saw
30:35 Hand Cart
31:07 Padded Archer Armor
32:21 Caravan
33:04 Ballistics
35:19 Imperial Age
33:59 Caravan
34:10 Fletching
34:44 Chain Barding Armor
34:30 Husbandry
33:51 Light Cavalry
35:23 Bodkin Arrow
36:00 Leather Archer Armor
37:36 Crop Rotation
36:53 Heavy Camel Rider
39:04 Plate Barding Armor
40:14 Frontier Guards
40:06 Kshatriyas
40:12 Kshatriyas
40:29 Conscription
41:16 Chemistry
40:55 Iron Casting
41:34 Hoardings
41:39 Bracer
42:02 Thumb Ring
41:20 Elite Elephant Archer
43:53 Hussar
44:38 Murder Holes
44:54 Masonry
45:32 Town Patrol
45:48 Elite Shrivamsha Rider
68:35 Architecture
ChronoMiner
0:39 Loom
11:54 Feudal Age
13:00 Double-Bit Axe
13:06 Horse Collar
23:52 Castle Age
24:54 Bow Saw
24:46 Heavy Plow
24:39 Gold Mining
25:17 Stone Mining
25:18 Pikeman
28:10 Arson
27:48 Elite Skirmisher
30:02 Thumb Ring
30:36 Ballistics
30:11 Murder Holes
32:33 Forging
32:24 Scale Mail Armor
36:21 Imperial Age
33:38 Town Watch
37:37 Wheelbarrow
37:02 Town Patrol
38:36 Conscription
37:43 Halberdier
39:05 Iron Casting
38:45 Chain Mail Armor
41:34 Chemistry
40:25 Heated Shot
40:54 Fletching
44:40 Bloodlines
44:30 Husbandry
43:52 Cavalier
44:38 Bodkin Arrow
45:44 Blast Furnace
45:15 Plate Mail Armor
44:52 Scale Barding Armor
48:39 Chain Barding Armor
48:19 Bracer
49:58 Two-Man Saw
49:31 Crop Rotation
51:38 Plate Barding Armor
51:04 Padded Archer Armor
Josmi-Ga'lock
0:27 Loom
11:44 Feudal Age
13:29 Town Watch
13:31 Double-Bit Axe
22:12 Castle Age
20:10 Horse Collar
20:28 Stone Mining
21:06 Forging
22:01 Gold Mining
25:45 Bow Saw
25:52 Squires
27:15 Fletching
29:02 Fervor
29:11 Heavy Plow
30:51 Gold Shaft Mining
32:51 Fortified Wall
32:41 Treadmill Crane
35:36 Imperial Age
33:32 Town Patrol
35:04 Caravan
35:32 Arson
35:53 Chieftains
37:33 Two-Man Saw
37:37 Conscription
38:04 Elite Varangian Guard
40:07 Iron Casting
39:33 Scale Mail Armor
40:04 Bodkin Arrow
40:33 Ballistics
41:13 Chemistry
40:26 Masonry
39:57 Elite Berserk
42:11 Crop Rotation
42:28 Coinage
42:31 Masonry
44:13 Chain Mail Armor
45:01 Blast Furnace
44:03 Bracer
44:36 Architecture
44:02 Murder Holes
46:50 Hoardings
47:33 Plate Mail Armor
51:22 Banking
67:29 Bogsveigar
67:00 Sappers
67:40 Siege Engineers
67:26 Guard Tower
67:48 Clinker Construction
67:48 Careening
67:41 Devotion
67:41 Atonement
68:01 Heresy
67:48 Scale Barding Armor
67:44 Padded Archer Armor
Connection lost

Rejoining the realm…

Still unreachable

The connection could not be restored.

Session expired

The server has moved on; the page needs a fresh start.